AoeStats
← Chigüiro

Arena

509994288Analyzed
4v4 RM · 4d ago on Sep 29, 2026· 37m 57s· 8 players
Game mode
Random Map
Map size
Large (8 player)
Population
200
Speed
Normal
Resources
Standard
Victory
Conquest
Starting age
Dark Age
Ending age
Imperial Age
RankedLock teamsTeams togetherTeam positionsShared explorationLock speedFull tech treeHidden civsTurbo modeCheats
Victory
Defeat
🇦🇷 Malay · Argentina
1714
+7
🇦🇷 Cumans · Argentina
1636
+10
🇦🇷 Mapuche · Argentina
1609
+11
🇦🇷 Britons · Argentina
1605
+11
🇨🇴 Bohemians · Colombia
1576
-13
🇻🇳 Romans · Vietnam
1511
-10
🇲🇽 Ethiopians · Mexico
1436
-8
🇨🇴 Turks · Colombia
1435
-8
BTJ | Leoqueen
6:04 Loom
8:26 Feudal Age
8:30 Double-Bit Axe
13:28 Fletching
20:13 Castle Age
18:34 Horse Collar
20:26 Bow Saw
21:02 Gold Mining
26:19 Stone Mining
28:33 Squires
29:17 Wheelbarrow
30:22 Hand Cart
30:29 Heavy Plow
34:02 Imperial Age
31:47 Bodkin Arrow
31:53 Padded Archer Armor
32:55 Ballistics
32:59 Thumb Ring
32:29 Crossbowman
33:45 Bracer
34:49 Gold Shaft Mining
34:45 Leather Archer Armor
33:55 Arbalester
36:02 Chemistry
35:40 Murder Holes
37:34 Conscription
37:39 Scale Barding Armor
37:45 Forging
Springles
10:34 Feudal Age
14:40 Castle Age
12:43 Horse Collar
13:09 Double-Bit Axe
16:02 Bow Saw
16:32 Heavy Plow
22:12 Wheelbarrow
23:25 Hand Cart
27:52 Imperial Age
25:09 Treadmill Crane
25:18 Loom
25:55 Gold Mining
28:16 Ballistics
28:38 Butalmapu
28:53 Conscription
28:18 Elite Bolas Rider
29:02 Fletching
29:12 Padded Archer Armor
30:19 Chemistry
29:45 Malon
29:51 Bodkin Arrow
31:25 Masonry
32:51 Town Watch
33:27 Leather Archer Armor
34:15 Scale Mail Armor
34:26 Forging
34:51 Ring Archer Armor
34:39 Champi Runner
35:05 Arson
35:17 Champi Warrior
36:34 Chain Mail Armor
37:10 Iron Casting
36:41 Elite Champi Warrior
38:48 Plate Mail Armor
Lancelot Knight
10:48 Feudal Age
12:00 Double-Bit Axe
14:26 Castle Age
12:35 Horse Collar
14:12 Fletching
16:48 Bodkin Arrow
17:57 Bow Saw
21:51 Wheelbarrow
22:48 Bodkin Arrow
29:53 Imperial Age
28:05 Padded Archer Armor
29:57 Ballistics
29:38 Stone Mining
29:51 Loom
30:06 Gold Mining
31:02 Bracer
32:05 Two-Man Saw
31:14 Town Watch
33:09 Chemistry
33:32 Leather Archer Armor
34:48 Hand Cart
35:54 Ring Archer Armor
35:52 Conscription
36:07 Yeomen
36:00 Heavy Plow
36:35 Gold Shaft Mining
36:12 Elite Longbowman
37:38 Warwolf
BTJ | ThC_Lobo
8:33 Feudal Age
9:13 Double-Bit Axe
9:09 Horse Collar
10:10 Horse Collar
18:53 Castle Age
17:57 Wheelbarrow
17:49 Gold Mining
18:39 Bloodlines
19:21 Loom
19:57 Bow Saw
21:04 Capped Ram
23:39 Forging
24:26 Scale Barding Armor
29:17 Hand Cart
32:55 Imperial Age
31:10 Scale Mail Armor
31:59 Iron Casting
31:55 Squires
31:44 Town Watch
32:03 Heavy Plow
31:36 Man-at-Arms
32:48 Chain Mail Armor
32:44 Stone Mining
33:30 Gold Shaft Mining
32:48 Long Swordsman
33:04 Cavalier
34:06 Chain Barding Armor
33:33 Two-Handed Swordsman
34:39 Champion
36:56 Blast Furnace
36:33 Plate Mail Armor
36:39 Fletching
37:15 Padded Archer Armor
38:56 Plate Barding Armor
JR | cristopher7gc
10:07 Feudal Age
9:30 Loom
11:31 Double-Bit Axe
12:12 Fletching
13:14 Wheelbarrow
21:38 Castle Age
23:31 Horse Collar
30:12 Forging
30:56 Heavy Plow
31:15 Gold Mining
34:52 Imperial Age
35:16 Bodkin Arrow
36:52 Chemistry
36:13 Ballistics
35:17 Crossbowman
35:43 Elite Skirmisher
37:03 Bracer
37:04 Padded Archer Armor
38:40 Hand Cart
Chigüiro
11:09 Feudal Age
15:19 Castle Age
13:10 Double-Bit Axe
13:06 Horse Collar
17:10 Bow Saw
22:20 Wheelbarrow
22:59 Pikeman
24:20 Scale Mail Armor
24:24 Squires
28:21 Imperial Age
26:31 Forging
26:40 Chain Mail Armor
29:25 Chemistry
29:26 Conscription
28:47 Halberdier
29:48 Forging
31:38 Houfnice
33:10 Siege Engineers
34:13 Wagenburg Tactics
34:16 Elite Hussite Wagon
35:43 Fletching
36:31 Guilds
thanh7531
9:43 Feudal Age
16:06 Castle Age
14:03 Man-at-Arms
15:01 Double-Bit Axe
18:08 Wheelbarrow
17:32 Loom
17:33 Town Watch
18:23 Horse Collar
18:56 Bow Saw
21:04 Pikeman
22:11 Scale Mail Armor
22:16 Squires
24:04 Forging
35:16 Imperial Age
33:48 Hand Cart
Saruman 117
11:36 Feudal Age
15:13 Castle Age
13:12 Horse Collar
13:26 Double-Bit Axe
16:41 Heavy Plow
20:46 Padded Archer Armor
22:17 Leather Archer Armor
23:20 Loom
24:13 Wheelbarrow
24:57 Town Watch
30:27 Imperial Age
28:54 Bow Saw
28:36 Gold Mining
29:20 Loom
31:43 Ring Archer Armor
31:37 Elite Janissary
37:00 Thumb Ring
37:56 Hand Cart
Connection lost

Rejoining the realm…

Still unreachable

The connection could not be restored.

Session expired

The server has moved on; the page needs a fresh start.